 Dungeon Crawl Stone Soup version 0.16-a0-253-g996e5b4 (webtiles) character file.

60 PolkaDot the Insei (level 3, -1/28 HPs)
             Began as a Draconian Transmuter on Aug 23, 2014.
             Slain by Sigmund
             ... wielding a +0 scythe
              (9 damage)
             ... on Level 2 of the Dungeon.
             The game lasted 00:04:23 (1603 turns).

PolkaDot the Insei (Draconian Transmuter)           Turns: 1603, Time: 00:04:24

HP  -1/28        AC  2     Str 12      XL: 3   Next: 80%
MP   3/6         EV 19     Int 13      God:
Gold 103         SH  0     Dex 17      Spells:  2 memorised,  2 levels left

rFire  . . .     SeeInvis .       - Unarmed
rCold  . . .     Clarity  .     (armour unavailable)
rNeg   . . .     rCorr    .     (shield currently unavailable)
rPois  x         rRot     .     (helmet currently unavailable)
rElec  .         Spirit   .     (cloak currently unavailable)
SustAb .         Warding  .     (gloves currently unavailable)
rMut   .         Stasis   .     (boots currently unavailable)
Gourm  .                        (no amulet)
MR     .....                    (no ring)
                                (no ring)

@: spider-form (expiring), not resistant to hostile enchantments, unstealthy
A: unfitting armour, (cold-blooded), AC +5
a: End Transformation


You were on level 2 of the Dungeon.
You were hungry.
You were in spider-form.
You visited 1 branch of the dungeon, and saw 2 of its levels.

You collected 103 gold pieces.

Inventory:

Hand weapons
 a - a +1 hunting sling of evasion
Missiles
 b - 12 arrows
 o - 19 sling bullets
Comestibles
 l - a fruit
 m - a chunk of giant gecko flesh {@w1}
 n - a bread ration
 p - a rotting chunk of bat flesh {@w1}
 q - a chunk of rat flesh {@w1}
Scrolls
 c - 2 scrolls of remove curse
 e - 2 scrolls of immolation
 f - a scroll of enchant armour {unknown}
 g - a scroll of noise {unknown}
 j - a scroll of identify
 k - a scroll of recharging {unknown}
Potions
 i - a potion of degeneration {!q}
Books
 d - a book of Changes

   Spells                             Type                      Level
   *Beastly Appendage                 Transmutation                1
   Sticks to Snakes                   Transmutation                2
   *Spider Form                       Transmutation/Poison         3
   Ice Form                           Ice/Transmutation            4
   Blade Hands                        Transmutation                5


   Skills:
 - Level 1.1 Fighting
 - Level 1.7 Dodging
 * Level 4.0 Unarmed Combat
 - Level 2.0 Spellcasting
 + Level 3.2 Transmutations


You had 2 spell levels left.
You knew the following spells:

 Your Spells              Type           Power        Failure   Level  Hunger
a - Beastly Appendage     Trmt           #.....       24%         1    ##.....
s - Spider Form           Trmt/Pois      #.........   61%         3    ####...


Dungeon Overview and Level Annotations

Branches:
Dungeon (2/15)

Altars:
Xom
Zin

Annotations:
D:2 Sigmund


Innate Abilities, Weirdness & Mutations

((Your plain brown scales are hard (AC +5).))
Your body does not fit into most forms of armour.
((Your cold-blooded metabolism reacts poorly to cold.))


Message History

Sigmund misses you. Sigmund completely misses you.
You barely miss Sigmund. Sigmund casts a spell at you. The magic dart hits you!
* * * LOW HITPOINT WARNING * * *
You hit Sigmund.
Sigmund is poisoned.
Sigmund is lightly wounded.
Sigmund misses you.
You hit Sigmund.
Sigmund looks even sicker.
Sigmund is moderately wounded.
Your transformation is almost over.
You hit Sigmund.
Sigmund is moderately wounded.
Sigmund hits you with a scythe.
* * * LOW HITPOINT WARNING * * *
You barely miss Sigmund.
Sigmund is moderately wounded.
Sigmund hits you with a scythe!
You die...

.......# #...# #...# #...#
#.......###...###...###...##
###......................
##......................
#............... ......
#...###...###.. #...## #...#
#...# . #.. #...###...###...
. #......s@....... ..
#............... ...
#.............. ..
############### # #######


You could see Sigmund (inner flame).

Vanquished Creatures
  An adder (D:2)
  A gnoll (D:1)
  A giant mite (D:1)
  A worm (D:2)
  A giant gecko (D:2)
  7 goblins
  2 hobgoblins (D:2)
  4 jackals (D:1)
  4 kobolds
  2 bats
  A giant newt (D:1)
  3 rats
28 creatures vanquished.

Notes
Turn   | Place    | Note
--------------------------------------------------------------
     0 | D:1      | PolkaDot, the Draconian Transmuter, began the quest for the Orb.
     0 | D:1      | Reached XP level 1. HP: 16/16 MP: 3/3
    54 | D:1      | Reached XP level 2. HP: 2/23 MP: 2/4
   891 | D:1      | Reached XP level 3. HP: 28/28 MP: 6/6
  1255 | D:2      | Noticed an angel
  1256 | D:2      | Found a glowing silver altar of Zin.
  1257 | D:2      | Found a shimmering altar of Xom.
  1331 | D:2      | Learned a level 3 spell: Spider Form
  1562 | D:2      | Reached skill level 4 in Unarmed Combat
  1588 | D:2      | Noticed Sigmund
  1603 | D:2      | Slain by Sigmund

Action                   || total
-------------------------++-------
Melee: Unarmed           ||    78
 Fire: Hunting sling     ||     7
 Cast: Beastly Appendage ||     9
       Spider Form       ||     2
  Use: Scroll            ||     4
       Potion            ||     2
 Stab: Sleeping          ||     1
  Eat: Chunk             ||     2
